TOP OF THE 1ST |
Moose Jaw Ghostbusters batting - Pitching for Riverside Red Bulls : RHP Carlos Martínez
|
Pitching: RHP Carlos Martínez
|
|
Batting: RHB Dan Hooper
|
0-0: Called Strike 0-1: Swinging Strike 0-2: Foul Ball, location: 2F 0-2: Strikes out swinging
|
Batting: LHB Will Vale
|
0-0: Called Strike 0-1: Swinging Strike 0-2: Ball 1-2: Strikes out swinging
|
Batting: RHB John Major
|
0-0: Fly out, F9 (Flyball, 9LMF)
|
Top of the 1st over - 0 run(s), 0 hit(s), 0 error(s), 0 left on base; Moose Jaw 0 - Riverside 0 |
BOTTOM OF THE 1ST |
Riverside Red Bulls batting - Pitching for Moose Jaw Ghostbusters : RHP Máximo Marín
|
Pitching: RHP Máximo Marín
|
|
Batting: RHB Tom Howe
|
0-0: Ball 1-0: Ball 2-0: Foul Ball, location: 2F 2-1: Ball 3-1: Base on Balls
|
Batting: RHB Pedro Mata
|
0-0: Ball 1-0: Ball 2-0: Ball 3-0: Called Strike 3-1: SINGLE (Groundball, 56D) Tom Howe to second
|
Batting: LHB Paco Rivera
|
0-0: Fly out, F9 (Flyball, 9D) Runner from 2nd tags up, SAFE at 3rd, no throw
|
Batting: RHB Earnest Finnegan
|
0-0: Called Strike 0-1: Called Strike 0-2: Ball 1-2: Fly out, F9 (Line Drive, 9LM) Runner from 3rd tags up, SCORES, no throw
|
Batting: LHB Mike Petersen
|
0-0: Ball Pickoff Throw to First - Out!
|
Bottom of the 1st over - 1 run(s), 1 hit(s), 0 error(s), 0 left on base; Moose Jaw 0 - Riverside 1 |
TOP OF THE 2ND |
Moose Jaw Ghostbusters batting - Pitching for Riverside Red Bulls : RHP Carlos Martínez
|
Batting: RHB Shawn Bane
|
0-0: Ball 1-0: Ball 2-0: Called Strike 2-1: Ball 3-1: Base on Balls
|
Batting: LHB Dave Stewart
|
0-0: Ball 1-0: Ball 2-0: Swinging Strike 2-1: Fielders Choice at 2nd, 4-6 (Groundball, 4)
|
Batting: RHB Luis Miguel Sánchez
|
0-0: 2-RUN HOME RUN (Flyball, 78XD), Distance : 410 ft
|
Batting: RHB Ángel García
|
0-0: Ball 1-0: Ball 2-0: Foul Ball, location: 2F 2-1: Ball 3-1: SINGLE (Line Drive, 6MD)
|
Batting: RHB Juan Vázquez
|
0-0: Fly out, F8 (Flyball, 8RS)
|
Batting: LHB John Robbins
|
0-0: Ball 1-0: Foul Ball, location: 2F 1-1: Swinging Strike 1-2: Ball 2-2: Strikes out swinging
|
Top of the 2nd over - 2 run(s), 2 hit(s), 0 error(s), 1 left on base; Moose Jaw 2 - Riverside 1 |
BOTTOM OF THE 2ND |
Riverside Red Bulls batting - Pitching for Moose Jaw Ghostbusters : RHP Máximo Marín
|
Batting: LHB Mike Petersen
|
0-0: Ball 1-0: Foul Ball, location: 2F 1-1: Foul Ball, location: 2F 1-2: Ball 2-2: Ball 3-2: Foul Ball, location: 2F 3-2: DOUBLE (Line Drive, 9LM)
|
Batting: RHB Fernando Gálvez
|
0-0: Ball 1-0: Ball 2-0: Ball 3-0: Called Strike 3-1: Base on Balls
|
Batting: RHB Brandon Pope
|
0-0: Foul Ball, location: 2F 0-1: Ball 1-1: Ball 2-1: Ball 3-1: Base on Balls Mike Petersen to third Fernando Gálvez to second
|
Batting: RHB Enrique Flores
|
0-0: Ball 1-0: Foul Ball, location: 2F 1-1: Foul Ball, location: 2F 1-2: Strikes out swinging
|
Batting: SHB Luis Alonso
|
0-0: Ball 1-0: Ball 2-0: Fly out, F7 (Flyball, 78M) Runner from 3rd tags up, SCORES, throw made
|
Batting: RHB Tom Howe
|
0-0: Ball 1-0: Ball 2-0: Called Strike 2-1: Fly out, F6 (Popup, 6M)
|
Bottom of the 2nd over - 1 run(s), 1 hit(s), 0 error(s), 2 left on base; Moose Jaw 2 - Riverside 2 |
TOP OF THE 3RD |
Moose Jaw Ghostbusters batting - Pitching for Riverside Red Bulls : RHP Carlos Martínez
|
Batting: RHB Dan Hooper
|
0-0: Called Strike 0-1: Ball 1-1: Fly out, F8 (Flyball, 8RM)
|
Batting: LHB Will Vale
|
0-0: Called Strike 0-1: Swinging Strike 0-2: Strikes out looking
|
Batting: RHB John Major
|
0-0: Ball 1-0: Called Strike 1-1: Ground out 6-3 (Groundball, 6M)
|
Top of the 3rd over - 0 run(s), 0 hit(s), 0 error(s), 0 left on base; Moose Jaw 2 - Riverside 2 |
BOTTOM OF THE 3RD |
Riverside Red Bulls batting - Pitching for Moose Jaw Ghostbusters : RHP Máximo Marín
|
Batting: RHB Pedro Mata
|
0-0: Ball 1-0: Ball 2-0: Ball 3-0: Base on Balls
|
Batting: LHB Paco Rivera
|
0-0: Ball 1-0: Called Strike 1-1: Foul Ball, location: 2F 1-2: Foul Ball, location: 2F 1-2: Ball 2-2: Foul Ball, location: 2F 2-2: Strikes out looking
|
Batting: RHB Earnest Finnegan
|
0-0: SINGLE (Line Drive, 7S) Pedro Mata to second
|
Batting: LHB Mike Petersen
|
0-0: Called Strike Pedro Mata steals 3rd base Earnest Finnegan to second 0-1: Foul Ball, location: 2F 0-2: Ground out 4-3 (Groundball, 34) Pedro Mata scores Earnest Finnegan to third
|
Batting: RHB Fernando Gálvez
|
0-0: Ball 1-0: Called Strike 1-1: Ball 2-1: Called Strike 2-2: Foul Ball, location: 2F 2-2: Fly out, F5 (Popup, 56S)
|
Bottom of the 3rd over - 1 run(s), 1 hit(s), 0 error(s), 1 left on base; Moose Jaw 2 - Riverside 3 |
TOP OF THE 4TH |
Moose Jaw Ghostbusters batting - Pitching for Riverside Red Bulls : RHP Carlos Martínez
|
Batting: RHB Shawn Bane
|
0-0: Ball 1-0: Foul Ball, location: 2F 1-1: Foul Ball, location: 2F 1-2: Ball 2-2: Strikes out swinging
|
Batting: LHB Dave Stewart
|
0-0: Called Strike 0-1: Called Strike 0-2: Foul Ball, location: 2F 0-2: Ball 1-2: Foul Ball, location: 2F 1-2: Foul Ball, location: 2F 1-2: Strikes out swinging
|
Batting: RHB Luis Miguel Sánchez
|
0-0: Ball 1-0: Foul Ball, location: 2F 1-1: Ball 2-1: Ball 3-1: Called Strike 3-2: Foul Ball, location: 2F 3-2: Foul Ball, location: 2F 3-2: Strikes out swinging
|
Top of the 4th over - 0 run(s), 0 hit(s), 0 error(s), 0 left on base; Moose Jaw 2 - Riverside 3 |
BOTTOM OF THE 4TH |
Riverside Red Bulls batting - Pitching for Moose Jaw Ghostbusters : RHP Máximo Marín
|
Batting: RHB Brandon Pope
|
0-0: Ball 1-0: Ball 2-0: Called Strike 2-1: Swinging Strike 2-2: Strikes out looking
|
Batting: RHB Enrique Flores
|
0-0: Ball 1-0: Called Strike 1-1: Ball 2-1: Ball 3-1: Ground out 4-3 (Groundball, 4M)
|
Batting: SHB Luis Alonso
|
0-0: Foul Ball, location: 2F 0-1: Ball 1-1: Ball 2-1: Called Strike 2-2: Ground out 4-3 (Groundball, 4)
|
Bottom of the 4th over - 0 run(s), 0 hit(s), 0 error(s), 0 left on base; Moose Jaw 2 - Riverside 3 |
TOP OF THE 5TH |
Moose Jaw Ghostbusters batting - Pitching for Riverside Red Bulls : RHP Carlos Martínez
|
Batting: RHB Ángel García
|
0-0: Ball 1-0: Fly out, F7 (Flyball, 78M)
|
Batting: RHB Juan Vázquez
|
0-0: Called Strike 0-1: Ball 1-1: Called Strike 1-2: Ball 2-2: Ball 3-2: Base on Balls
|
Batting: LHB John Robbins
|
Pickoff Throw to First - Error! E1 Juan Vázquez to second 0-0: Ball 1-0: Called Strike 1-1: Fly out, F8 (Flyball, 8LM)
|
Batting: RHB Dan Hooper
|
0-0: Ball 1-0: Ball 2-0: Ball 3-0: Called Strike 3-1: Base on Balls
|
Pitching: RHP Guy Hebert
|
|
Batting: LHB Will Vale
|
0-0: Called Strike 0-1: Called Strike 0-2: Foul Ball, location: 2F 0-2: Foul Ball, location: 2F 0-2: Ball 1-2: SINGLE (Line Drive, 6D) Juan Vázquez to third Dan Hooper to second
|
Batting: RHB John Major
|
0-0: Swinging Strike 0-1: Foul Ball, location: 2F 0-2: Ball 1-2: Strikes out swinging
|
Top of the 5th over - 0 run(s), 1 hit(s), 1 error(s), 3 left on base; Moose Jaw 2 - Riverside 3 |
BOTTOM OF THE 5TH |
Riverside Red Bulls batting - Pitching for Moose Jaw Ghostbusters : RHP Máximo Marín
|
Batting: RHB Tom Howe
|
0-0: Called Strike 0-1: Foul Ball, location: 2F 0-2: Ball 1-2: Foul Ball, location: 2F 1-2: Foul Ball, location: 2F 1-2: Strikes out swinging
|
Batting: RHB Pedro Mata
|
0-0: Ball 1-0: Called Strike 1-1: Ball 2-1: Ball 3-1: Called Strike 3-2: Foul Ball, location: 2F 3-2: Ground out 6-3 (Groundball, 56)
|
Batting: LHB Paco Rivera
|
0-0: Ground out 5-3 (Groundball, 5)
|
Bottom of the 5th over - 0 run(s), 0 hit(s), 0 error(s), 0 left on base; Moose Jaw 2 - Riverside 3 |
TOP OF THE 6TH |
Moose Jaw Ghostbusters batting - Pitching for Riverside Red Bulls : RHP Guy Hebert
|
Batting: RHB Shawn Bane
|
0-0: Ball 1-0: Ball 2-0: Called Strike 2-1: Foul Ball, location: 2F 2-2: Strikes out looking
|
Batting: LHB Dave Stewart
|
0-0: Called Strike 0-1: Ball 1-1: Foul Ball, location: 2F 1-2: Foul Ball, location: 2F 1-2: Strikes out swinging
|
Batting: RHB Luis Miguel Sánchez
|
0-0: Ball 1-0: Ball 2-0: Swinging Strike 2-1: Foul Ball, location: 2F 2-2: Ball 3-2: Strikes out swinging
|
Top of the 6th over - 0 run(s), 0 hit(s), 0 error(s), 0 left on base; Moose Jaw 2 - Riverside 3 |
BOTTOM OF THE 6TH |
Riverside Red Bulls batting - Pitching for Moose Jaw Ghostbusters : RHP Máximo Marín
|
Pitching: RHP Andrés Ruíz
|
|
Batting: RHB Earnest Finnegan
|
0-0: Called Strike 0-1: Ball 1-1: Ball 2-1: Ball 3-1: Swinging Strike 3-2: Strikes out swinging
|
Batting: LHB Mike Petersen
|
0-0: Called Strike 0-1: Ball 1-1: Swinging Strike 1-2: Strikes out swinging
|
Batting: RHB Fernando Gálvez
|
0-0: Foul Ball, location: 2F 0-1: Ball 1-1: Foul Ball, location: 2F 1-2: Reached on error, E6 (Groundball, 6)
|
Batting: RHB Brandon Pope
|
0-0: Ball 1-0: Ground out 6-3 (Groundball, 56)
|
Bottom of the 6th over - 0 run(s), 0 hit(s), 1 error(s), 1 left on base; Moose Jaw 2 - Riverside 3 |
TOP OF THE 7TH |
Moose Jaw Ghostbusters batting - Pitching for Riverside Red Bulls : RHP Guy Hebert
|
Batting: RHB Ángel García
|
0-0: Called Strike 0-1: Swinging Strike 0-2: Foul Ball, location: 2F 0-2: Ball 1-2: Foul Ball, location: 2F 1-2: Foul Ball, location: 2F 1-2: Ground out 6-3 (Groundball, 6)
|
Batting: RHB Juan Vázquez
|
0-0: Swinging Strike 0-1: Reached on error, E6 (Groundball, 6MS)
|
Pitching: LHP Joe Phillips
|
|
Pinch Hitting: RHB Don Turner
|
0-0: Called Strike 0-1: Ball 1-1: Ball 2-1: Ball 3-1: Foul Ball, location: 2F 3-2: Foul Ball, location: 2F 3-2: Base on Balls Juan Vázquez to second
|
Batting: RHB Dan Hooper
|
0-0: Called Strike Juan Vázquez is caught stealing 3rd base Don Turner to second 0-1: Ball 1-1: Ball 2-1: Ball 3-1: Base on Balls
|
Pitching: RHP Alberto Gutiérrez
|
|
Batting: LHB Will Vale
|
0-0: Ball 1-0: DOUBLE (Line Drive, 78M) Don Turner scores Dan Hooper to third Runner from 3rd tries for Home, SAFE, no throw or cutoff
|
Batting: RHB John Major
|
0-0: Ball 1-0: Ball 2-0: Called Strike 2-1: Swinging Strike 2-2: Strikes out swinging
|
Top of the 7th over - 2 run(s), 1 hit(s), 1 error(s), 1 left on base; Moose Jaw 4 - Riverside 3 |
BOTTOM OF THE 7TH |
Riverside Red Bulls batting - Pitching for Moose Jaw Ghostbusters : RHP Andrés Ruíz
|
Now at SS: Nicholas Harris
|
|
Batting: RHB Enrique Flores
|
0-0: DOUBLE (Line Drive, 7LS)
|
Batting: SHB Luis Alonso
|
0-0: Called Strike 0-1: Swinging Strike 0-2: Foul Ball, location: 2F 0-2: Ground out 4-3 (Groundball, 34) Enrique Flores to third
|
Batting: RHB Tom Howe
|
0-0: Ball 1-0: Ground out 6-3 (Groundball, 6)
|
Batting: RHB Pedro Mata
|
0-0: Foul Ball, location: 2F 0-1: Fly out, F7 (Flyball, 78M)
|
Bottom of the 7th over - 0 run(s), 1 hit(s), 0 error(s), 1 left on base; Moose Jaw 4 - Riverside 3 |
TOP OF THE 8TH |
Moose Jaw Ghostbusters batting - Pitching for Riverside Red Bulls : RHP Alberto Gutiérrez
|
Batting: RHB Shawn Bane
|
0-0: Foul Ball, location: 2F 0-1: Swinging Strike 0-2: Ball 1-2: Strikes out swinging
|
Batting: LHB Dave Stewart
|
0-0: Ball 1-0: Ball 2-0: Ball 3-0: Base on Balls
|
Batting: RHB Luis Miguel Sánchez
|
0-0: Ball 1-0: Called Strike 1-1: Ball 2-1: Foul Ball, location: 2F 2-2: Fly out, F4 (Popup, 8RS)
|
Batting: RHB Ángel García
|
0-0: Ball 1-0: Ball 2-0: Foul Ball, location: 2F 2-1: Ball 3-1: Fly out, F9 (Line Drive, 9M)
|
Top of the 8th over - 0 run(s), 0 hit(s), 0 error(s), 1 left on base; Moose Jaw 4 - Riverside 3 |
BOTTOM OF THE 8TH |
Riverside Red Bulls batting - Pitching for Moose Jaw Ghostbusters : RHP Andrés Ruíz
|
Pitching: RHP Whit Johnson
|
|
Now at 3B: Robert Carter
|
|
Batting: LHB Paco Rivera
|
0-0: Ground out 5-3 (Groundball, 56S)
|
Batting: RHB Earnest Finnegan
|
0-0: Called Strike 0-1: Ball 1-1: Called Strike 1-2: Foul Ball, location: 2F 1-2: Ball 2-2: Fly out, F9 (Flyball, 89D)
|
Batting: LHB Mike Petersen
|
0-0: Fly out, F5 (Popup, 56)
|
Bottom of the 8th over - 0 run(s), 0 hit(s), 0 error(s), 0 left on base; Moose Jaw 4 - Riverside 3 |
TOP OF THE 9TH |
Moose Jaw Ghostbusters batting - Pitching for Riverside Red Bulls : RHP Alberto Gutiérrez
|
Batting: RHB Juan Vázquez
|
0-0: Ball 1-0: Called Strike 1-1: Swinging Strike 1-2: Foul Ball, location: 2F 1-2: SINGLE (Flyball, 7S)
|
Pinch Hitting: SHB Martín Cruz
|
0-0: Ball Wild Pitch! Juan Vázquez to second 1-0: Ball 2-0: Ball 3-0: Base on Balls
|
Batting: RHB Dan Hooper
|
0-0: Bunted foul 0-1: Sac Bunt - play at first, batter OUT! 4-3 Juan Vázquez to third Martín Cruz to second
|
Batting: LHB Will Vale
|
0-0: Ball 1-0: Swinging Strike 1-1: Foul Ball, location: 2F 1-2: Strikes out swinging
|
Batting: RHB John Major
|
0-0: Ball 1-0: Foul Ball, location: 2F 1-1: Ball 2-1: Ball 3-1: Foul Ball, location: 2F 3-2: Base on Balls
|
Batting: RHB Shawn Bane
|
0-0: Foul Ball, location: 2F 0-1: Ball 1-1: Swinging Strike 1-2: Strikes out swinging
|
Top of the 9th over - 0 run(s), 1 hit(s), 0 error(s), 3 left on base; Moose Jaw 4 - Riverside 3 |
BOTTOM OF THE 9TH |
Riverside Red Bulls batting - Pitching for Moose Jaw Ghostbusters : RHP Whit Johnson
|
Pitching: LHP Júlio Aguilar
|
|
Now at SS: Martín Cruz
|
|
Batting: RHB Fernando Gálvez
|
0-0: Ground out 1-3 (Groundball, 13S)
|
Batting: RHB Brandon Pope
|
0-0: Foul Ball, location: 2F 0-1: Ground out 6-3 (Groundball, 6)
|
Pinch Hitting: RHB Marcos Hernández
|
0-0: Called Strike 0-1: Foul Ball, location: 2F 0-2: Ball 1-2: Strikes out swinging
|
Bottom of the 9th over - 0 run(s), 0 hit(s), 0 error(s), 0 left on base; Moose Jaw 4 - Riverside 3 |
|